 Dungeon Crawl Stone Soup version 0.28.0-55-gcd9437bce4 (webtiles) character file.

Game seed: 15902297419362725860

100 Atelerd the Digger (level 4, -3/27 HPs)
             Began as an Octopode Earth Elementalist on Jan 4, 2023.
             Engulfed by a cloud of steam (5 damage)
             ... on level 3 of the Dungeon.
             The game lasted 00:02:00 (2989 turns).

Atelerd the Digger (Octopode Earth Elementalist)    Turns: 2989, Time: 00:02:01

Health: -3/27      AC:  1    Str:  7    XL:     4   Next: 73%
Magic:  7/7        EV: 13    Int: 25    God:
Gold:   97         SH:  0    Dex: 12    Spells: 7/8 levels left

rFire   . . .      SeeInvis .   a - +0 short sword
rCold   . . .      Faith    .   (no shield)
rNeg    . . .      Spirit   .   (helmet restricted)
rPois   .          Reflect  .   (no amulet)
rElec   .          Harm     .   k - +6 ring of intelligence
rCorr   .          Rampage  .   (no ring)
Will    .....                   (no ring)
Stlth   ++++......              (no ring)
HPRegen 0.09/turn               (no ring)
MPRegen 0.10/turn               (no ring)
                                (no ring)
                                (no ring)

@: no status effects
A: almost no armour, amphibious, 8 rings, camouflage 1, gelatinous body 1,
nimble swimmer 1, tentacles
a: no special abilities


You were on level 3 of the Dungeon.
You visited 1 branch of the dungeon, and saw 3 of its levels.

You collected 97 gold pieces.

Inventory:

Hand Weapons
 a - a +0 short sword (weapon)
Missiles
 b - 106 stones
Jewellery
 k - a +6 ring of intelligence (left tentacle)
 o - a ring of protection from cold
Scrolls
 f - a scroll of magic mapping {unknown}
 h - 3 scrolls of identify {unknown}
 l - 3 scrolls of enchant armour {unknown}
 n - a scroll of noise {unknown}
 p - a scroll of teleportation {unknown}
 q - a scroll of immolation {unknown}
 t - a scroll of vulnerability {unknown}
Potions
 c - a potion of mutation {unknown}
 d - 2 potions of curing {unknown}
 e - a potion of attraction {unknown}
 g - 2 potions of invisibility {unknown}
 i - a potion of brilliance {unknown}
 j - 2 potions of might {unknown}
 m - a potion of degeneration {unknown}
 r - a potion of berserk rage {unknown}
 s - a potion of heal wounds {unknown}


   Skills:
 - Level 0.1 Short Blades
 - Level 2.0 Dodging
 * Level 3.9 Stealth
 - Level 0.7 Unarmed Combat
 + Level 2.6 Spellcasting
 * Level 1.7 Transmutations
 * Level 4.0 Earth Magic


You had 7 spell levels left.
You knew the following spells:

 Your Spells              Type           Power      Damage    Failure   Level
a - Sandblast             Erth           46%        2d11      1%          1

Your spell library contained the following spells:

 Spells                   Type           Power      Damage    Failure   Level
 Passwall                 Tmut/Erth      14%        N/A       4%          2
 Stone Arrow              Conj/Erth      26%        3d8       14%         3
 Petrify                  Tmut/Erth      17%        N/A       32%         4
 Ice Form                 Ice/Tmut       7%         N/A       58%         4
 Cause Fear               Hex            1%         N/A       71%         4
 Hailstorm                Conj/Ice       3%         3d3       71%         4
 Simulacrum               Ice/Necr       1%         N/A       100%        6
 Dragon Form              Tmut           6%         N/A       100%        7
 Dragon's Call            Summ           1%         N/A       100%        9


Dungeon Overview and Level Annotations

Branches:
Dungeon (3/15)

Altars:


Innate Abilities, Weirdness & Mutations

You cannot wear most types of armour.
You are amphibious.
You can wear up to eight rings at the same time.
Your skin changes colour to match your surroundings (Stealth+).
Your rubbery body absorbs attacks. (AC +1, EV +1)
You are camouflaged when in or above water. (Stealth+)
You have tentacles for arms and can constrict up to eight enemies at once.


Message History

No target in view!
Things that are here:
a +0 dagger; a +0 hunting sling Key pressed, stopping explore.
No target in view!
You see here a +0 ring mail.
There is an open door here.
There is an open door here.
Partly explored, can't reach some places.
No target in view!
Partly explored, can't reach some places.
No target in view!
No target in view!
Partly explored, can't reach some places.
No target in view!
Partly explored, can't reach some places.
You can't see any susceptible monsters within range! (Use Z to cast anyway.) No target in view!
No target in view!
You can't see any susceptible monsters within range! (Use Z to cast anyway.) Partly explored, can't reach some places.
Partly explored, can't reach some places.
You can't see any susceptible monsters within range! (Use Z to cast anyway.) Unknown command.
Really swim into a travel-excluded area? [Y]es or [N]o only, please.
Really swim into a travel-excluded area?
Really swim into a travel-excluded area? [Y]es or [N]o only, please.
Really swim into a travel-excluded area?
Really swim into a travel-excluded area?
You are engulfed in a cloud of scalding steam.
You are engulfed in a cloud of scalding steam.
* * * LOW HITPOINT WARNING * * *
You start resting.
You are engulfed in a cloud of scalding steam.
* * * LOW HITPOINT WARNING * * *
You start resting.
You are engulfed in a cloud of scalding steam.
You die...

##### #.#..............##
########...# #######...........##
...........# #### #............#
...........# #≈≈# #.............
########..≈# ≈≈# #.............
########.≈≈### #≈###.............
#.....#..≈≈≈≈###§≈≈#...........†.
#.....#..≈≈#≈##§≈≈§#.............
#.........≈##≈≈#@§##.............
#.....##...######§##.............
#.....###..# ####.............
#.....# #..#########.............
#.....# #####....................
####'## ##..............^.... #.#
######.................. #.#
#....................... #.#
#.......................


There were no monsters in sight!

Vanquished Creatures
  A hound (D:3)
  An adder (D:3)
  6 dart slugs
  5 ball pythons
  5 endoplasms
  2 giant cockroaches
  4 goblins
  2 hobgoblins
  3 quokkas
  2 bats
  4 frilled lizards
  11 kobolds
  3 rats
49 creatures vanquished.

Notes
Turn   | Place    | Note
-------+----------+-------------------------------------------
     0 | D:1      | Atelerd the Octopode Earth Elementalist began the quest for
                  | the Orb.
     0 | D:1      | Reached XP level 1. HP: 11/11 MP: 3/3
   100 | D:1      | Reached XP level 2. HP: 17/17 MP: 5/5
   554 | D:1      | Reached XP level 3. HP: 15/21 MP: 4/6
  1964 | D:2      | Found a faded altar of an unknown god.
  2361 | D:3      | Reached XP level 4. HP: 27/27 MP: 7/7
  2465 | D:3      | Reached skill level 4 in Earth Magic
  2987 | D:3      | HP: 1/27 [something (5)]
  2989 | D:3      | Engulfed by a cloud of steam

Illustrated notes

Levels and vault maps discovered:
D:1:      wander_arrival_peaceful_grave, layout_rooms, minmay_misc_feat_x,
          kennysheep_crisscross, minmay_pentomino_t2
D:2:      layout_basic, shapermc_ecumenical_altar_flowoftime,
          grunt_decor_fettered, minivault_4
D:3:      layout_basic, lemuel_another_geyser

Skill      XL: |  1  2  3  4 |
---------------+-------------+-----
Stealth        | 3 |  3.9
Earth Magic    | 4 |  4.0
Short Blades   | |  0.1
Dodging        | |  2.0
Unarmed Combat | |  0.7
Spellcasting   | |  2.6
Transmutations | |  1.7

Action                   |  1- 3 |  4- 6 || total
-------------------------+-------+-------++-------
Melee: Unarmed           |     7 |       ||     7
       Constrict         |    10 |     5 ||    15
       Short sword       |    33 |    15 ||    48
       Tentacles         |     6 |     5 ||    11
       Punch             |       |     2 ||     2
 Cast: Sandblast         |    27 |     4 ||    31
 Stab: Sleeping          |     9 |     1 ||    10
Armor: Skin              |     4 |       ||     4
Dodge: Dodged            |    25 |    18 ||    43
